 Dungeon Crawl Stone Soup version 0.24-a0-778-g74da537585 (webtiles) character file.

Game seed: 3442051553204258235, levelgen mode: deterministic

110680 Erlindor the Warrior (level 16, -7/162 HPs)
             Began as a Merfolk Wanderer on Oct 6, 2019.
             Was a High Priest of Makhleb.
             Mangled by a tarantella (14 damage)
             ... on level 2 of the Spider Nest on Oct 7, 2019.
             The game lasted 02:24:41 (35148 turns).

Erlindor the Warrior (Merfolk Wanderer)            Turns: 35148, Time: 02:24:42

Health: -7/162     AC:  9    Str: 25      XL:     16   Next: 55%
Magic:  23/23      EV:  5    Int:  7 (9)  God:    Makhleb [*****.]
Gold:   2354       SH:  0    Dex: 10      Spells: 15/15 levels left

rFire    + + .     SeeInvis +   J - +6 bardiche (flame)
rCold    + . .     Gourm    .   (shield currently unavailable)
rNeg     . . .     Faith    .   T - +1 gold dragon scales
rPois    +         Spirit   .   (helmet restricted)
rElec    .         Reflect  .   k - scarf {repulsion}
rCorr    .         Harm     .   v - +0 pair of gloves
MR       +....                  q - +0 pair of boots
Stlth    ..........             H - amulet of magic regeneration
HPRegen  0.37/turn              K - ring of protection from fire
MPRegen  0.43/turn              O - ring of see invisible

@: confused, lethally poisoned (-7 -> -85), corroded, repel missiles
A: change form in water, swift swim, stealthy swim, beak, robust 1
a: Minor Destruction, Lesser Servant of Makhleb, Major Destruction, Greater
Servant of Makhleb, Renounce Religion


You were on level 2 of the Spider Nest.
You worshipped Makhleb.
Makhleb was extremely pleased with you.
You were hungry.

You visited 6 branches of the dungeon, and saw 28 of its levels.

You collected 2755 gold pieces.
You spent 401 gold pieces at shops.

Inventory:

Hand Weapons
 J - a +6 bardiche of flaming (weapon)
Armour
 k - a scarf of repulsion (worn)
 q - a +0 pair of boots (worn)
 v - a +0 pair of gloves (worn)
 T - +1 gold dragon scales (worn)
Jewellery
 i - a +6 ring of evasion
 x - an uncursed ring of protection from cold
 H - an amulet of magic regeneration (around neck)
 K - a ring of protection from fire (left hand)
 O - a ring of see invisible (right hand)
 P - an uncursed ring of poison resistance
Wands
 d - a wand of polymorph (7)
 o - a wand of acid (5)
 t - a wand of clouds (2)
 z - a wand of enslavement (9)
 B - a wand of flame (31)
 F - a wand of random effects (68)
 Q - a wand of iceblast (21)
 S - a wand of scattershot (8)
 V - a wand of digging (13)
 Y - a wand of disintegration (22)
Scrolls
 a - 6 scrolls of teleportation
 e - a scroll of summoning
 j - a scroll of blinking
 p - 2 scrolls of immolation
 r - 6 scrolls of remove curse
 A - a scroll of holy word
 G - a scroll of identify
 Z - a scroll of amnesia
Potions
 b - 4 potions of lignification
 c - a potion of invisibility
 g - a potion of heal wounds
 h - 4 potions of resistance
 l - 12 potions of curing
 m - 5 potions of flight
 s - 4 potions of ambrosia
 u - 2 potions of haste
 w - 2 potions of agility
 C - 2 potions of brilliance
 E - 2 potions of magic
 I - 3 potions of might
 M - 2 potions of cancellation
Miscellaneous
 D - a fan of gales
 L - a phantom mirror
 N - a lamp of fire
 U - a box of beasts
Comestibles
 f - 56 rations


   Skills:
 + Level 19.8 Fighting
 * Level 17.5 Polearms
   Level 1.0 Crossbows
 + Level 10.9 Armour
 - Level 5.0 Stealth
   Level 4.3 Shields
 + Level 9.7 Invocations
 - Level 4.1 Evocations


You had 15 spell levels left.
You didn't know any spells.
Your spell library contained the following spells:

 Spells                   Type           Power        Failure   Level  Hunger
 Animate Skeleton         Necr           N/A          100%        1    ##.....
 Apportation              Tloc           #.....       100%        1    ##.....
 Beastly Appendage        Tmut           #.....       100%        1    ##.....
 Confusing Touch          Hex            #.....       100%        1    ##.....
 Flame Tongue             Conj/Fire      #....        100%        1    ##.....
 Freeze                   Ice            #...         100%        1    ##.....
 Infusion                 Chrm           #...         100%        1    ##.....
 Shock                    Conj/Air       #...         100%        1    ##.....
 Summon Small Mammal      Summ           #...         100%        1    ##.....
 Shroud of Golubria       Chrm/Tloc      #.....       100%        2    ###....
 Song of Slaying          Chrm           #.......     100%        2    ###....
 Sticks to Snakes         Tmut           #.......     100%        2    ###....
 Swiftness                Chrm/Air       #.......     100%        2    ###....
 Throw Frost              Conj/Ice       #.....       100%        2    ###....
 Confuse                  Hex            #.......     100%        3    ####...
 Gell's Gravitas          Tloc           #.........   100%        3    ####...
 Ozocubu's Armour         Chrm/Ice       #.......     100%        3    ####...
 Regeneration             Chrm/Necr      #.........   100%        3    ####...
 Spectral Weapon          Hex/Chrm       #.......     100%        3    ####...
 Spider Form              Tmut/Pois      #.........   100%        3    ####...
 Static Discharge         Conj/Air       #.......     100%        3    ####...
 Airstrike                Air            #.........   100%        4    #####..
 Cause Fear               Hex            #.........   100%        4    #####..
 Ice Form                 Ice/Tmut       #.......     100%        4    #####..
 Petrify                  Tmut/Erth      #.......     100%        4    #####..
 Summon Ice Beast         Ice/Summ       #.......     100%        4    #####..
 Throw Icicle             Conj/Ice       #.......     100%        4    #####..
 Blade Hands              Tmut           #.........   100%        5    ######.
 Lightning Bolt           Conj/Air       #.........   100%        5    ######.
 Metabolic Englaciation   Hex/Ice        #.........   100%        5    ######.
 Yara's Violent Unravell  Hex/Tmut       #.........   100%        5    ######.
 Bolt of Cold             Conj/Ice       #.........   100%        6    #######
 Bolt of Fire             Conj/Fire      #.........   100%        6    #######
 Freezing Cloud           Conj/Ice/Air   #.........   100%        6    #######
 Ozocubu's Refrigeration  Ice            #.........   100%        6    #######
 Simulacrum               Ice/Necr       #.........   100%        6    #######
 Dragon Form              Tmut           #.........   100%        7    #######
 Dragon's Call            Summ           #.........   100%        9    #######


Dungeon Overview and Level Annotations

Branches:
Dungeon (15/15)            Temple (1/1) D:7            Lair (6/6) D:9
  Swamp (2/4) Lair:2       Spider (2/4) Lair:4        Slime (0/5) Lair:6
    Orc (2/2) D:9             Elf (0/3) Orc:2        Vaults (0/5) D:13
 Depths (0/5) D:15

Altars:
Ashenzari
Cheibriados
Dithmenos
Elyvilon
Fedhas
Gozag
Hepliaklqana
Kikubaaqudgha
Makhleb
Nemelex Xobeh
Okawaru
Qazlal
Ru
Sif Muna
Trog
Uskayaw
Vehumet
Wu Jian
Xom
Yredelemnul
Zin
The Shining One
Beogh

Shops:
D:12 *   D:15 ?   Orc:2 ([((*

Annotations:
Lair:1 3 runed translucent doors, Gargoyl's ghost, novice CeAK
Lair:6 exclusion: oklob plant
Abyss:1 Urug


Innate Abilities, Weirdness & Mutations

You revert to your normal form in water.
You are very nimble and swift while swimming.
You are very stealthy in the water. (Stealth+)
You have a beak for a mouth.
You are robust. (+10% HP)


Message History

The entropy weaver hits you.
* * * LOW HITPOINT WARNING * * *
The entropy weaver hits you!
* * * LOW HITPOINT WARNING * * *
The redback barely misses you.
Okay, then.
Unknown command.
You're too confused!
You feel much better.
* * * LOW HITPOINT WARNING * * *
You feel extremely sick. The tarantella bites you!
* * * LOW HITPOINT WARNING * * *
You are more confused.
The tarantella barely misses you.
The redback bites you but does no damage.
The redback bites you.
* * * LOW HITPOINT WARNING * * *
The tarantella bites you!
You die...

##..............
###..#...†....#...
##..#..#....^.## .
#.##........†.#
####..........#...
#................
#......####......
#####.ass.#
..y....
#.####s@s.#
###....
##^##.##.## #y..
#.#.##### ...
##.## ###


You could see an entropy weaver (inner flame), 2 tarantellas and 2 redbacks.

Vanquished Creatures
  A ghost moth (Spider:2)
  An entropy weaver (Spider:1)
  A spark wasp (Spider:2)
  A fire dragon (D:14)
  Harold (Lair:1)
  5 hydras
  An ice dragon (D:15)
  7 centaur warriors
  2 alligators (Swamp:1)
  A tengu warrior (D:13)
  2 two-headed ogres
  3 orc high priests
  A fire crab (Lair:4)
  5 skeletal warriors
  8 unseen horrors
  2 swamp dragons (Swamp:1)
  A wizard (D:13)
  2 deep elf magi (D:15)
  An orc knight (D:15)
  3 orb spiders (Spider:1)
  10 wolf spiders
  9 ugly things
  7 cyclopes
  5 elephants
  A moth of wrath (Spider:1)
  Maurice (D:13)
  3 black mambas
  Joseph (Lair:1)
  A torpor snail (Lair:3)
  8 spiny frogs
  4 yaktaurs (D:13)
  4 komodo dragons
  4 kobold demonologists
  A rime drake (Lair:2)
  A rime drake (shapeshifter) (D:14)
  3 demonic crawlers (Spider:1)
  5 trolls
  8 polar bears (Lair:6)
  A jumping spider (shapeshifter) (D:15)
  6 jumping spiders
  4 bog bodies (Swamp:1)
  A queen bee (shapeshifter) (D:15)
  5 slime creatures
  A wolf spider simulacrum (D:15)
  12 blink frogs
  4 hornets (Swamp:1)
  4 raiju (Lair:6)
  6 hippogriffs
  13 dream sheep
  2 spriggans (Swamp:1)
  A centaur simulacrum (D:15)
  14 redbacks
  A shadow (D:12)
  30 yaks
  13 tarantellas
  2 wyverns (D:10)
  2 wraiths
  3 basilisks
  Eustachio (D:6)
  2 hungry ghosts
  Grum (Lair:1)
  A steam dragon (D:14)
  8 vampire mosquitoes
  2 insubstantial wisps (Swamp:1)
  7 wargs
  5 swamp worms (Swamp:1)
  13 hell hounds (Lair:6)
  An acid dragon (D:13)
  13 water moccasins
  11 porcupines
  A soldier ant (D:15)
  13 black bears
  35 orc warriors
  2 ice beasts
  An eye of draining (D:15)
  2 phantoms
  13 ogres
  31 wolves
  15 centaurs
  A necrophage (D:9)
  5 crocodiles
  7 big kobolds
  17 bullfrogs
  A water moccasin zombie (D:5)
  2 wyvern skeletons
  2 scorpions
  2 water moccasin skeletons
  3 killer bees (D:8)
  4 wights (D:8)
  A howler monkey (D:3)
  6 crimson imps
  A bullfrog zombie (D:6)
  A quasit (D:10)
  3 centaur zombies
  4 bullfrog skeletons
  5 hounds
  2 jellies
  33 orc priests
  27 orc wizards
  5 centaur skeletons
  4 iguanas
  10 worker ants
  A killer bee zombie (D:6)
  A hound skeleton (D:6)
  2 worker ant zombies
  9 gnolls
  A howler monkey skeleton (D:6)
  11 adders
  2 shadow imps
  An adder zombie (D:6)
  3 adder skeletons
  2 worms
  2 dart slugs
  6 leopard geckos
  113 orcs
  7 bats
  5 giant cockroaches
  9 goblins
  9 hobgoblins
  9 jackals
  7 quokkas
  5 frilled lizards
  A jackal zombie (D:6)
  16 kobolds
  A leopard gecko skeleton (D:4)
  A leopard gecko zombie (D:8)
  10 rats
808 creatures vanquished.

Vanquished Creatures (collateral kills)
  Rupert (D:15)
  Jorgrun (D:15)
  Nessos (Lair:4)
  4 hydras
  Erica (D:11)
  A catoblepas (Lair:6)
  A two-headed ogre (D:10)
  An orc sorcerer (Orc:2)
  An ugly thing (D:14)
  3 elephants (Lair:3)
  A spiny frog (Lair:3)
  3 komodo dragons
  A tengu conjurer (D:13)
  2 polar bears
  2 blink frogs
  A spriggan (Swamp:1)
  4 redbacks
  A vampire (D:15)
  A shadow (D:14)
  2 yaks
  A vampire mosquito (Lair:2)
  A water moccasin (Lair:5)
  4 orc warriors
  3 wolves
  A crocodile (Lair:5)
  2 bullfrogs
  A wyvern skeleton (D:11)
  An orc priest (Orc:2)
  An orc wizard (Orc:2)
  An iguana (Lair:2)
  A worker ant (D:11)
  6 orcs (Orc:2)
  3 kobolds (D:14)
59 creatures vanquished.

Vanquished Creatures (others)
  A centaur warrior (D:15)
  An alligator (Swamp:1)
  A skeletal warrior (D:14)
  2 orc knights
  A wolf spider (Lair:4)
  An ugly thing (D:14)
  An orc sorcerer (Orc:2)
  A gargoyle (D:14)
  A freezing wraith (D:15)
  A troll (Orc:1)
  A tarantella (Spider:1)
  A yak (D:13)
  A basilisk (D:15)
  A vampire mosquito (D:14)
  A warg (D:9)
  A crimson imp (D:14)
  An orc wizard (Orc:2)
  An iguana (D:15)
  3 fungi
  13 plants
35 creatures vanquished.

Grand Total: 902 creatures vanquished

Notes
Turn   | Place    | Note
-------+----------+-------------------------------------------
     0 | D:1      | Erlindor the Merfolk Wanderer began the quest for the Orb.
     0 | D:1      | Erlindor set off with the following items: a +0 club, a
                  | potion of lignification, a +0 buckler, a +2 scale mail, a
                  | ration
     0 | D:1      | Reached XP level 1. HP: 20/20 MP: 1/1
    81 | D:1      | Reached XP level 2. HP: 22/26 MP: 2/2
   204 | D:1      | Reached skill level 5 in Fighting
   532 | D:1      | Reached XP level 3. HP: 33/33 MP: 3/3
  1141 | D:2      | Reached XP level 4. HP: 40/40 MP: 4/4
  1355 | D:2      | Found a shimmering altar of Xom.
  1425 | D:2      | Reached skill level 6 in Fighting
  1645 | D:2      | Reached skill level 1 in Polearms
  1648 | D:2      | Reached XP level 5. HP: 43/46 MP: 5/5
  2514 | D:3      | Found a hide-covered altar of Uskayaw.
  2960 | D:4      | Reached XP level 6. HP: 35/53 MP: 6/6
  3127 | D:4      | Noticed a phantom
  3156 | D:3      | Killed a phantom
  3156 | D:3      | Reached skill level 5 in Polearms
  3852 | D:5      | Entered Level 5 of the Dungeon
  3948 | D:5      | Reached XP level 7. HP: 59/59 MP: 7/7
  3987 | D:5      | Reached skill level 7 in Fighting
  4565 | D:6      | Noticed Eustachio
  4586 | D:6      | Killed Eustachio
  4586 | D:6      | Reached XP level 8. HP: 51/67 MP: 8/8
  4707 | D:6      | Found a burning altar of Makhleb.
  4707 | D:6      | Found an iron altar of Okawaru.
  4708 | D:6      | Found a radiant altar of Vehumet.
  4714 | D:6      | Found a bloodstained altar of Trog.
  4749 | D:6      | Became a worshipper of Makhleb the Destroyer
  4847 | D:6      | Reached skill level 1 in Invocations
  4923 | D:6      | Found a snail-covered altar of Cheibriados.
  4967 | D:6      | Reached skill level 8 in Fighting
  5378 | D:6      | Reached skill level 10 in Polearms
  5378 | D:6      | Reached skill level 5 in Stealth
  5620 | D:7      | Reached XP level 9. HP: 65/74 MP: 10/10
  5879 | D:7      | You fall into a shaft and drop 1 floor!
  6229 | D:8      | Reached * piety under Makhleb
  6418 | D:7      | Found a staircase to the Ecumenical Temple.
  6423 | Temple   | Entered the Ecumenical Temple
  7375 | D:7      | Reached skill level 9 in Fighting
  7410 | D:8      | Reached ** piety under Makhleb
  7804 | D:8      | Reached skill level 5 in Invocations
  7916 | D:8      | Reached XP level 10. HP: 83/83 MP: 13/13
  8315 | D:9      | Found a staircase to the Orcish Mines.
  8404 | D:9      | Reached *** piety under Makhleb
  8421 | D:9      | Found a staircase to the Lair.
  8428 | D:9      | Reached skill level 1 in Evocations
  8587 | D:9      | Reached skill level 10 in Fighting
  9161 | D:10     | Entered Level 10 of the Dungeon
  9365 | D:10     | Noticed a cyclops
  9411 | D:10     | Killed a cyclops
  9585 | D:10     | Noticed a two-headed ogre
  9757 | D:10     | Killed a two-headed ogre
 10070 | Lair:1   | Entered Level 1 of the Lair of Beasts
 10093 | D:9      | Reached XP level 11. HP: 54/92 MP: 16/16
 10270 | Lair:1   | Reached skill level 11 in Fighting
 10294 | Lair:1   | Found a runed translucent gate.
 10295 | Lair:1   | Found a runed translucent gate.
 10296 | Lair:1   | Found a runed translucent gate.
 10298 | Lair:1   | Noticed Gargoyl's ghost (novice CeAK)
 10305 | Lair:1   | Noticed a five-headed hydra
 10327 | Lair:1   | Killed a five-headed hydra
 10508 | Lair:1   | Noticed Harold
 10522 | Lair:1   | Killed Harold
 10533 | Lair:1   | Noticed Joseph
 10865 | Lair:1   | Noticed Grum
 10880 | Lair:1   | Killed Grum
 10881 | Lair:1   | Reached skill level 12 in Fighting
 11345 | Lair:1   | Killed Joseph
 11831 | Lair:2   | Reached skill level 13 in Fighting
 11880 | Lair:2   | Noticed an eight-headed hydra
 11903 | Lair:2   | Killed an eight-headed hydra
 12187 | Lair:2   | Reached skill level 14 in Fighting
 12202 | Lair:2   | Found a staircase to the Swamp.
 12435 | Lair:2   | Reached XP level 12. HP: 100/107 MP: 17/17
 13736 | Lair:3   | Reached skill level 15 in Fighting
 15150 | Lair:3   | Reached skill level 16 in Fighting
 16095 | Lair:4   | Found a hole to the Spider Nest.
 16115 | Lair:4   | Noticed Nessos
 16139 | Lair:4   | Killed Nessos
 17384 | Lair:4   | Reached skill level 17 in Fighting
 17591 | Lair:5   | Reached XP level 13. HP: 116/120 MP: 18/18
 18379 | Lair:6   | Entered Level 6 of the Lair of Beasts
 19326 | Lair:6   | Reached **** piety under Makhleb
 19816 | Lair:6   | Reached skill level 5 in Armour
 20220 | Lair:6   | Reached skill level 18 in Fighting
 21522 | Lair:6   | Reached XP level 14. HP: 130/130 MP: 19/19
 21664 | Lair:6   | Found a staircase to the Slime Pits.
 21765 | Lair:6   | Upgraded the game from 0.24-a0-769-g368c1644f8 to
                  | 0.24-a0-778-g74da537585
 22289 | D:11     | Noticed Erica
 22823 | D:11     | Found Wiumupn's Distillery.
 22860 | D:11     | Killed Erica
 23146 | D:11     | You fall into a shaft and drop 1 floor!
 23155 | D:12     | Found Pecsesoo's General Store.
 23186 | D:12     | Identified a scroll of acquirement
 23597 | D:12     | Gained mutation: Your magical capacity is low. (-10% MP) [a
                  | neqoxec]
 24164 | D:13     | Reached ***** piety under Makhleb
 24236 | D:13     | Noticed Urug
 24321 | D:13     | Banished Urug
 24792 | D:13     | Noticed Maurice
 24818 | D:13     | Killed Maurice
 25304 | D:13     | You fall into a shaft and drop 2 floors!
 25304 | D:15     | Entered Level 15 of the Dungeon
 25305 | D:15     | Noticed Jorgrun
 25356 | D:15     | Killed Jorgrun
 25413 | D:15     | Found Miataba's Magic Scroll Shop.
 25442 | D:15     | Reached skill level 19 in Fighting
 25457 | D:15     | Bought a scroll of identify for 34 gold pieces
 25457 | D:15     | Bought a scroll of identify for 34 gold pieces
 25525 | D:14     | Reached XP level 15. HP: 128/139 MP: 18/18
 25729 | D:15     | Gained mutation: You are frail. (-10% HP) [a neqoxec]
 25730 | D:15     | Gained mutation: You do not regenerate when monsters are
                  | visible. [a neqoxec]
 26321 | D:14     | Reached skill level 10 in Armour
 27035 | D:13     | Found a gate to the Vaults.
 27263 | Orc:1    | Entered Level 1 of the Orcish Mines
 27714 | Orc:1    | Reached skill level 15 in Polearms
 27915 | Orc:2    | Entered Level 2 of the Orcish Mines
 27956 | Orc:2    | Found a staircase to the Elven Halls.
 28208 | Orc:2    | Found a roughly hewn altar of Beogh.
 28536 | Orc:2    | Noticed an orc warlord
 28548 | Orc:2    | Banished an orc warlord
 28826 | Orc:2    | Found Lyulukaig's Antique Armour Shoppe.
 28827 | Orc:2    | Found a roughly hewn altar of Beogh.
 28828 | Orc:2    | Found Voptoq's Antique Weapon Emporium.
 28841 | Orc:2    | Bought a crude halberd for 333 gold pieces
 28841 | Orc:2    | Identified the cursed +0 halberd of the Absolute Madman
                  | {vamp, Dex+2} (You bought it in a shop on level 2 of the
                  | Orcish Mines)
 28845 | Orc:2    | Lost mutation: Your magical capacity is low. (-10% MP)
                  | [potion of mutation]
 28845 | Orc:2    | Gained mutation: Scrolls take you a little longer to read.
                  | [potion of mutation]
 28845 | Orc:2    | Gained mutation: Your flesh is heat resistant. (rF+)
                  | [potion of mutation]
 28845 | Orc:2    | Gained mutation: You expend magic power (3 MP) to
                  | strengthen your wands. [potion of mutation]
 28907 | Orc:2    | Reached ****** piety under Makhleb
 29010 | Orc:2    | Paralysed by an orc sorcerer for 6 turns
 29545 | Orc:2    | Found a roughly hewn altar of Beogh.
 29573 | Orc:2    | Found a roughly hewn altar of Beogh.
 29632 | Orc:2    | Found a roughly hewn altar of Beogh.
 29667 | Orc:2    | Found a roughly hewn altar of Beogh.
 29667 | Orc:2    | Found Wijasin's Weapon Shoppe.
 29760 | Orc:2    | Found Enen's Weapon Boutique.
 29830 | Orc:2    | Found a roughly hewn altar of Beogh.
 29849 | Orc:2    | Found Jetyut's Assorted Antiques.
 30301 | D:15     | Noticed Rupert
 30311 | D:15     | Killed Rupert
 31492 | D:15     | Found a staircase to the Depths.
 31757 | Swamp:1  | Entered Level 1 of the Swamp
 31995 | Swamp:1  | Reached XP level 16. HP: 132/132 MP: 22/22
 32129 | Swamp:1  | Paralysed by a hornet for 1 turns
 32991 | Spider:1 | Entered Level 1 of the Spider Nest
 34448 | Swamp:1  | Lost mutation: You are frail. (-10% HP) [potion of
                  | mutation]
 34448 | Swamp:1  | Lost mutation: Scrolls take you a little longer to read.
                  | [potion of mutation]
 34448 | Swamp:1  | Gained mutation: You possess an exceptional clarity of
                  | mind. [potion of mutation]
 34448 | Swamp:1  | Gained mutation: You have a beak for a mouth. [potion of
                  | mutation]
 34482 | Swamp:1  | Lost mutation: You possess an exceptional clarity of mind.
                  | [potion of mutation]
 34482 | Swamp:1  | Lost mutation: You expend magic power (3 MP) to strengthen
                  | your wands. [potion of mutation]
 34482 | Swamp:1  | Lost mutation: Your flesh is heat resistant. (rF+) [potion
                  | of mutation]
 34482 | Swamp:1  | Lost mutation: You do not regenerate when monsters are
                  | visible. [potion of mutation]
 34482 | Swamp:1  | Gained mutation: You are robust. (+10% HP) [potion of
                  | mutation]
 34876 | Spider:2 | Found the +8 demon blade "Leech" {vamp, rN+ AC-3 EV-3}
 35147 | Spider:2 | HP: 1/162 [entropy weaver (8)]
 35148 | Spider:2 | Mangled by a tarantella

Levels and vault maps discovered:
D:1:      saegor_arrival_simple_d, layout_basic
D:2:      layout_basic, marbit_many_paths, hangedman_abyss_or_decor_stabs
D:3:      layout_loops_ring, lemuel_coloured_pillars_altar,
          hangedman_decor_points, chequers_serial_rivers_room_b,
          kennysheep_nondescript
D:4:      layout_cave_pods
D:5:      layout_loops_ring, first_ration
D:6:      layout_loops_cross, kennysheep_slug_shrine,
          grunt_temple_overflow_cloverleaf, uniq_eustachio
D:7:      layout_loops_corners, minmay_temple_entry_grid,
          kennysheep_generic_room_3
D:8:      layout_cave_pools
D:9:      layout_loops_ring, lair_entry_dummy, david_orc_3
D:10:     layout_roguey, blue_anna_alchemist [blue_anna_fruit_fields,
          blue_anna_fruit_fields]
D:11:     layout_rooms, serial_shops, nicolae_shop_window_shopping, uniq_erica
D:12:     layout_basic, serial_shops, shop_fountains
D:13:     layout_loops_ring, hangedman_vaults_entry_quadrant_bands, minmay_bent,
          uniq_maurice, uniq_urug
D:14:     layout_basic, nicolae_sextant, portal_ice_cave_entry_pillars_1
D:15:     grunt_enter_depths_hoard, layout_long_grid, serial_bayou_pond_d,
          serial_shops, nicolae_shop_crystal, uniq_jorgrun, uniq_rupert
Temple:   regret_index_temple_generic_petals
Lair:1:   layout_chaotic_city, ebering_ghost_rock_garden, uniq_harold,
          uniq_grum, uniq_joseph
Lair:2:   layout_regular_city, minmay_swamp_entry_swarm, beast_lair_carwin_4
Lair:3:   layout_cave_shapes
Lair:4:   layout_layer_cave, spider_nest_entry_webs, lemuel_fruit_tree,
          uniq_nessos
Lair:5:   layout_roguey, infiniplex_staircase_pool
Lair:6:   hangedman_lair_caniforms_friends, layout_gridlike,
          minmay_slime_entry_oklob_enclosed
Swamp:1:  layout_basic_swamp, nicolae_swamp_fairy_circle
Swamp:2:  layout_falls_marsh, hangedman_swamp_pad
Spider:1: layout_spider_delve
Spider:2: layout_chambers
Orc:1:    layout_caves
Orc:2:    grunt_orc_community_town_hall, layout_caves,
          grunt_orc_community_big_house_2, grunt_orc_community_big_house_1,
          grunt_orc_community_house_1, grunt_orc_community_house_1,
          grunt_orc_community_house_1, grunt_orc_community_house_3,
          grunt_orc_community_house_3, grunt_orc_community_house_2,
          serial_shops, nicolae_shop_statue_plus

Skill      XL: |  1  2  3  4  5  6  7  8  9 10 11 12 13 14 15 16 |
---------------+-------------------------------------------------+-----
Fighting       | 5 6 7 8 9 10 14 17 18 19 | 19.8
Shields        | 2 3 4 |  4.3
Polearms       | 1 4 5 8 10 12 13 14 16 17 | 17.5
Stealth        | 3 5 |  5.0
Invocations    | 2 5 7 8 9 |  9.7
Evocations     | 4 |  4.1
Armour         | 6 9 10 | 10.9
Crossbows      | |  1.0

Action                   |  1- 3 |  4- 6 |  7- 9 | 10-12 | 13-15 | 16-18 || total
-------------------------+-------+-------+-------+-------+-------+-------++-------
Melee: Club              |    22 |       |       |       |       |       ||    22
       Short sword       |    78 |    34 |       |       |       |       ||   112
       Halberd           |       |   149 |   382 |       |       |       ||   531
       Spear             |       |       |    45 |  1162 |   984 |       ||  2191
       Bardiche          |       |       |       |       |   804 |   246 ||  1050
       Glaive            |       |       |       |       |    22 |       ||    22
       Peck              |       |       |       |       |       |    12 ||    12
       Tailslap          |       |       |       |       |       |     3 ||     3
Throw: Dart              |       |       |     1 |    13 |     5 |       ||    19
       Throwing net      |       |       |       |       |     4 |       ||     4
Invok: Lesser Servant of |       |       |       |    20 |    28 |     9 ||    57
       Minor Destruction |       |       |       |     1 |       |       ||     1
       Major Destruction |       |       |       |       |     4 |       ||     4
       Greater Servant o |       |       |       |       |     1 |       ||     1
Evoke: Wand              |       |       |     3 |     1 |    12 |     3 ||    19
       Fan of gales      |       |       |       |     1 |       |       ||     1
  Use: Scroll            |       |     8 |     2 |    10 |    20 |     8 ||    48
       Potion            |       |     1 |       |     4 |     7 |     4 ||    16
 Stab: Distracted        |       |       |       |     1 |     4 |     1 ||     6
       Confused          |       |       |       |       |     5 |       ||     5
  Eat: Chunk             |     1 |     7 |    12 |    27 |    44 |     5 ||    96
       Ration            |       |       |     1 |     1 |     3 |     1 ||     6
Armor: Scale mail        |    36 |    74 |    48 |       |       |       ||   158
       Chain mail        |       |       |    75 |   305 |   741 |    16 ||  1137
       Plate armour      |       |       |    32 |       |       |       ||    32
       Gold dragon scale |       |       |       |       |       |   233 ||   233
Dodge: Dodged            |    53 |    95 |   271 |   343 |   947 |   166 ||  1875
       Deflected         |       |     1 |     8 |    13 |    91 |     4 ||   117
Block: Buckler           |    15 |     1 |     6 |   108 |   110 |       ||   240

Table legend:
 A = Non-vault XP
 B = Vault XP
 C = Vault XP percentage of total XP
 D = Non-vault monster count
 E = Vault monster count
 F = Vault count percentage of total count
                 A         B        C        D         E       F
            +---------+---------+-------+---------+---------+-------
      Total |  124056 |   34059 |  21.5 |     697 |     191 |  21.5
            +---------+---------+-------+---------+---------+-------
        D:1 |      46 |       0 |   0.0 |      26 |       0 |   0.0
        D:2 |     128 |       1 |   0.8 |      26 |       1 |   3.7
        D:3 |     191 |       0 |   0.0 |      11 |       0 |   0.0
        D:4 |     196 |       0 |   0.0 |      11 |       0 |   0.0
        D:5 |     388 |       0 |   0.0 |      10 |       0 |   0.0
        D:6 |    1182 |     192 |  14.0 |      25 |       2 |   7.4
        D:7 |     790 |       3 |   0.4 |      25 |       1 |   3.8
        D:8 |    1598 |       0 |   0.0 |      38 |       0 |   0.0
        D:9 |    3801 |      96 |   2.5 |      59 |       8 |  11.9
       D:10 |    5105 |      97 |   1.9 |      30 |       1 |   3.2
       D:11 |    3362 |     881 |  20.8 |      23 |       1 |   4.2
       D:12 |    2635 |     140 |   5.0 |      16 |       1 |   5.9
       D:13 |    8734 |    7857 |  47.4 |      25 |      26 |  51.0
       D:14 |   16107 |    1033 |   6.0 |      44 |       1 |   2.2
       D:15 |   10964 |    4945 |  31.1 |      40 |       3 |   7.0
     Lair:1 |    3737 |    1372 |  26.9 |      22 |       6 |  21.4
     Lair:2 |    5057 |     830 |  14.1 |      19 |       7 |  26.9
     Lair:3 |    5227 |       0 |   0.0 |      27 |       0 |   0.0
     Lair:4 |    5254 |    1368 |  20.7 |      21 |       4 |  16.0
     Lair:5 |    5845 |       0 |   0.0 |      25 |       0 |   0.0
     Lair:6 |    7343 |    9460 |  56.3 |      28 |      56 |  66.7
    Swamp:1 |   10051 |       0 |   0.0 |      28 |       0 |   0.0
   Spider:1 |   13946 |       0 |   0.0 |      40 |       0 |   0.0
   Spider:2 |    5763 |       0 |   0.0 |      12 |       0 |   0.0
      Orc:1 |    1686 |       0 |   0.0 |      22 |       0 |   0.0
      Orc:2 |    4920 |    5784 |  54.0 |      44 |      73 |  62.4
            +---------+---------+-------+---------+---------+-------
